Map: Aura mortal EE

Players

MrFercho - Winner!

  • Race: Zerg Zerg
  • League: Gold
  • Spawn Location: 11:00

AAme

  • Race: Terran Terran
  • League: Gold
  • Spawn Location: 5:00

VOD

Have the link to the VOD?

Description

Time

  • Played on: Aug. 17, 2020, 12:42 a.m.
  • Length: 18:47
Show
View Real Time Build Order
Export as new Build Order

MrFercho Zerg - Winner!

Build Orders: Hatch First, Lurkers 

Get SALT Encoding   

  12  0:01  Drone  
  13  0:13  Overlord  
  13  0:20  Drone  
  14  0:32  Drone x2  
  16  0:51  Hatchery  
  16  0:54  Drone  
  16  0:57  Drone  
  16  1:01  Drone  
  18  1:11  Extractor  
  17  1:19  Spawning Pool  
  17  1:20  Drone  
  17  1:23  Drone  
  18  1:34  Drone  
  19  1:44  Drone  
  20  1:53  Drone  
  21  2:02  Overlord  
  21  2:06  Queen x2  
  21  2:07  Zergling x2  
  26  2:13  Zergling x2  
  27  2:16  Drone  
  28  2:27  Drone  
  28  2:28  Drone  
  30  2:35  Drone  
  30  2:36  Drone  
  32  2:44  Metabolic Boost  
  32  2:48  Queen  
  32  2:50  Drone x2  
  36  2:53  Lair  
  36  3:00  Overlord x2  
  36  3:24  Drone  
  36  3:25  Drone x7  
  44  3:31  Extractor  
  44  3:33  Extractor  
  42  3:46  Evolution Chamber  
  41  3:50  Baneling Nest, Drone  
  41  3:51  Drone x2  
  41  3:52  Drone  
  41  3:53  Overlord x2  
  44  4:00  Pneumatized Carapace  
  44  4:11  Queen  
  44  4:12  Overseer  
  46  4:20  Drone x2  
  46  4:21  Drone  
  49  4:25  Zerg Melee Weapons Level 1  
  49  4:34  Zergling x18  
  58  4:43  Drone  
  59  5:13  Overlord x3  
  59  5:19  Hydralisk Den  
  58  5:23  Centrifical Hooks  
  58  5:25  Drone  
  59  5:39  Hatchery  
  58  5:58  Drone x6  
  64  6:06  Hatchery  
  64  6:08  Queen  
  65  6:18  Spore Crawler  
  64  6:19  Evolution Chamber  
  64  6:20  Spore Crawler  
  64  6:21  Drone x4  
  64  6:22  Hatchery  
  64  6:25  Grooved Spines  
  65  6:32  Lurker Den  
  64  6:40  Zergling x10  
  68  7:02  Overlord  
  68  7:05  Drone x4  
  72  7:09  Zerg Missile Weapons Level 1  
  72  7:12  Zerg Ground Armor Level 1  
  72  7:30  Hydralisk x9  
  72  7:31  Hydralisk x2  
  72  7:36  Muscular Augments  
  94  7:40  Extractor  
  93  7:52  Overlord x2  
  93  7:53  Overlord  
  76  8:14  Zergling x16  
  76  8:15  Zergling x30  
  96  8:48  Drone x12  
  101  8:52  Queen  
  101  8:53  Extractor  
  101  8:55  Extractor  
  108  9:02  Infestation Pit  
  88  9:17  Lurker x8  
  88  9:18  Hydralisk x5  
  88  9:20  Overlord  
  88  9:21  Overlord x2  
  105  9:36  Drone x2  
  105  9:37  Drone x5  
  112  10:03  Overlord x2  
  112  10:05  Overlord x2  
  112  10:08  Hatchery  
  111  10:16  Overlord x3  
  111  10:19  Zergling x26  
  124  10:24  Overseer  
  124  10:26  Spore Crawler  
  123  10:29  Spine Crawler  
  123  10:30  Drone x3  
  123  10:31  Drone  
  123  10:33  Spine Crawler  
  123  10:35  Spine Crawler  
  124  10:42  Baneling x9  
  124  10:55  Hive  
  124  11:05  Spire  
  124  11:10  Overlord  
  124  11:11  Overlord x2, Hydralisk x4  
  123  11:12  Hydralisk x6  
  143  11:21  Zerg Missile Weapons Level 2  
  143  11:22  Zerg Ground Armor Level 2  
  128  11:56  Zergling x10  
  128  11:57  Zergling x32  
  139  12:09  Zergling x2  
  139  12:10  Zergling x12  
  146  12:19  Overlord x2  
  146  12:24  Seismic Spines, Greater Spire  
  116  13:05  Hydralisk x4  
  90  13:06  Hydralisk x15  
  90  13:07  Hydralisk  
  112  13:17  Burrow  
  112  13:21  Adaptive Talons  
  112  13:38  Overseer  
  112  13:40  Overlord x2  
  112  13:42  Corruptor x2  
  112  13:43  Corruptor x4  
  112  13:46  Lurker x3  
  112  13:47  Lurker  
  128  13:56  Drone x7  
  135  14:05  Zerg Flyer Weapons Level 1  
  133  14:31  Hatchery  
  133  14:35  Hydralisk x8  
  148  14:39  Brood Lord  
  148  14:40  Brood Lord  
  148  14:41  Zergling x2  
  148  14:42  Zergling x4  
  155  15:10  Zerg Missile Weapons Level 3  
  155  15:11  Zerg Ground Armor Level 3  
  155  15:14  Adrenal Glands  
  155  15:15  Zergling x2  
  155  15:16  Zergling x10  
  120  16:04  Hydralisk  
  120  16:05  Hydralisk x13  
  136  16:36  Hatchery  
  135  16:47  Hatchery  
  124  17:27  Hydralisk  
  124  17:28  Hydralisk x13  
  142  17:51  Zergling x20  
  144  18:07  Zergling x2  
  144  18:08  Zergling x16  
  137  18:25  Zergling x16  
Show
View Real Time Build Order
Export as new Build Order

AAme Terran 

Build Orders:  

Get SALT Encoding   

  12  0:00  SCV  
  13  0:12  SCV  
  14  0:16  Supply Depot  
  14  0:24  SCV  
  15  0:38  SCV  
  16  0:43  Barracks  
  16  0:47  Refinery  
  16  0:50  SCV  
  17  1:02  SCV  
  18  1:14  SCV  
  19  1:34  Orbital Command  
  19  1:35  Barracks Reactor  
  19  1:44  Command Center  
  19  1:53  Supply Depot  
  19  2:01  SCV  
  20  2:13  Marine x2, SCV  
  23  2:24  Factory  
  23  2:25  SCV  
  24  2:31  Marine  
  24  2:32  Marine  
  26  2:38  SCV  
  26  2:40  Refinery  
  27  2:50  SCV  
  27  3:00  Bunker, Orbital Command  
  27  3:03  SCV  
  27  3:05  Marine x2  
  30  3:13  Factory Reactor  
  30  3:15  SCV  
  31  3:20  Factory Tech Lab  
  31  3:23  Marine, Starport  
  32  3:27  SCV  
  32  3:31  Supply Depot  
  33  3:34  SCV  
  33  3:37  Marine  
  33  3:39  SCV  
  33  3:40  Marine  
  37  3:44  Siege Tank  
  40  3:57  Supply Depot, Marine  
  40  3:58  Marine  
  42  4:06  Barracks  
  42  4:09  Barracks  
  42  4:13  Viking  
  42  4:15  SCV x2  
  42  4:16  Marine  
  47  4:25  Supply Depot  
  47  4:27  SCV  
  47  4:28  Marine  
  49  4:44  SCV x2  
  51  4:54  Marine x2  
  51  4:56  SCV x2  
  51  4:57  Siege Tank  
  51  4:58  Starport Reactor  
  58  5:00  Barracks Reactor, Barracks Tech Lab  
  58  5:05  Refinery  
  58  5:06  Refinery  
  58  5:10  SCV x2  
  58  5:12  Marine x2  
  61  5:23  Command Center  
  61  5:29  Engineering Bay  
  61  5:30  Engineering Bay  
  61  5:35  Marine x2  
  61  5:38  Marauder, Marine x2  
  61  5:40  Stimpack  
  61  5:41  SCV  
  68  5:48  SCV  
  69  5:53  SCV  
  70  5:59  Supply Depot  
  70  6:08  Supply Depot  
  70  6:11  Terran Infantry Armor Level 1, Terran Infantry Weapons Level 1  
  70  6:20  Medivac, Marine x4  
  70  6:21  Marauder  
  78  6:29  Siege Tank, SCV x2  
  78  6:31  Supply Depot  
  78  6:32  Supply Depot  
  83  6:38  Marine x2  
  85  6:42  Marauder  
  87  6:56  SCV x2  
  87  6:57  Marine x2  
  87  6:58  Marine  
  87  6:59  Medivac x2  
  96  7:02  Siege Tank  
  96  7:04  Marauder  
  96  7:07  Orbital Command  
  101  7:08  SCV x2  
  101  7:13  Marine  
  101  7:15  Marine x2  
  106  7:25  Marauder  
  108  7:33  Refinery  
  108  7:34  Refinery, Siege Tank  
  111  7:37  Marine x2  
  111  7:38  Armory, Marine  
  114  7:46  Marauder  
  116  8:02  Marine x3  
  116  8:03  Medivac x2  
  111  8:06  Siege Tank  
  111  8:08  Marauder  
  114  8:17  SCV x3  
  117  8:25  Marine x2  
  117  8:31  Marine  
  117  8:32  SCV x3  
  117  8:34  Marauder, Medivac  
  116  8:38  Siege Tank  
  114  8:44  Supply Depot, SCV  
  114  8:45  Supply Depot, SCV  
  114  8:47  Marine  
  117  9:00  Marine  
  113  9:09  Marine x3  
  111  9:10  Marauder, Medivac, Siege Tank  
  116  9:18  Marine  
  117  9:28  SCV x3  
  117  9:29  Terran Infantry Weapons Level 2  
  120  9:32  Combat Shield  
  120  9:35  Terran Infantry Armor Level 2  
  120  9:38  Terran Vehicle Weapons Level 1  
  120  9:39  Marine  
  120  9:40  Marine x2, SCV x2  
  120  9:41  Marine  
  126  9:49  Marauder, Siege Tank  
  131  9:57  Marine x2  
  133  10:05  Marine  
  134  10:08  Command Center  
  134  10:14  Marine  
  134  10:15  Marine x2  
  134  10:16  Medivac  
  139  10:21  Siege Tank  
  142  10:33  Marauder  
  142  10:35  Marine x2  
  144  10:36  Marine x2  
  148  10:47  Barracks  
  148  10:48  Barracks  
  148  10:53  Marine  
  102  11:46  Marine x2  
  102  11:47  Marauder, Marine  
  92  11:48  Medivac x2, Siege Tank  
  98  11:59  Marine  
  90  12:04  Marine  
  86  12:09  Marauder  
  86  12:12  Terran Infantry Armor Level 3, Terran Infantry Weapons Level 3, Marine  
  86  12:13  Marine  
  90  12:17  Supply Depot, Marine  
  90  12:18  Medivac x2  
  90  12:19  Supply Depot x2  
  90  12:20  Siege Tank  
  90  12:22  Marine  
  99  12:29  SCV x3, Refinery  
  102  12:30  Marauder, Marine x2  
  102  12:33  Barracks Reactor x2  
  102  12:35  Marine  
  107  12:40  Marine  
  107  12:41  SCV  
  108  12:48  Marine x2  
  104  12:51  Marauder  
  104  12:52  Siege Tank  
  104  12:53  Marine  
  104  12:58  Marine  
  81  13:13  Marauder  
  81  13:15  Marine x4  
  81  13:17  Medivac x2  
  91  13:24  Siege Tank  
  94  13:33  Starport  
  94  13:34  Marauder  
  96  13:41  Marine x3  
  96  13:43  Command Center  
  96  13:44  Marine x3  
  96  13:45  Marine x2  
  96  13:47  Medivac, Refinery  
  106  13:56  Marauder, Siege Tank  
  106  13:59  Marine x3  
  106  14:02  Marine x3  
  117  14:04  Command Center  
  117  14:10  Marine x2  
  117  14:16  Marine  
  120  14:18  SCV  
  104  14:29  Marine x3  
  104  14:30  Marine x3  
  100  14:31  Siege Tank  
  100  14:32  Medivac x2  
  100  14:35  Marauder  
  106  14:40  Marine x2  
  108  14:47  Marine x2  
  108  14:49  Marine x3  
  108  14:50  SCV  
  108  14:51  SCV x2  
  116  14:53  Hi-Sec Auto Tracking, Neosteel Armor  
  116  14:56  Marauder  
  118  15:02  Starport Tech Lab  
  118  15:04  Command Center, Orbital Command  
  118  15:16  Marine  
  118  15:17  Marine x5  
  118  15:18  Marauder, Marine  
  118  15:19  Siege Tank  
  130  15:27  Raven  
  132  15:39  Marauder  
  134  15:49  Marine  
  132  15:50  Marine x4  
  132  15:51  Marine, Siege Tank  
  132  15:52  Medivac  
  143  16:00  Marauder  
  129  16:09  Raven  
  129  16:10  Marine x4  
  129  16:11  Marine x3  
  106  16:13  Marine  
  93  16:22  Marauder, SCV x4  
  93  16:23  SCV  
  98  16:28  Marine  
  99  16:34  SCV  
  99  16:38  Planetary Fortress, Refinery  
  100  16:43  Marauder  
  102  16:54  SCV  
  102  16:55  SCV x3  
  102  16:56  Marine x3  
  102  16:57  Marine  
  110  17:04  Marauder  
  110  17:06  SCV  
  99  17:26  Marauder  
  79  17:30  Marine x5  
  79  17:31  Marine x3  
  83  17:40  Siege Tank  
  83  17:41  Medivac x2  
  81  17:47  Marine  
  81  17:48  Marine x5  
  81  17:51  Marine x3  
  72  17:53  Medivac  
  76  18:04  Orbital Command  
  76  18:05  Marauder  
  72  18:10  Marine x2  
  72  18:11  Medivac, Marine x6  
  72  18:12  Siege Tank  
  57  18:28  Marine x3  
Tags
 
Composition
Lurkers
League
GoldGold
Matchup
TvZ
Replay Pack
MrFercho
Spawn Locations
Cross Positions
Add a new tag
Caveats
  • Supply blocks, unpowered buildings, or Contaminate may cause inaccurate times.
  • Supply counts are checked every 10 seconds.